 Dungeon Crawl Stone Soup version 0.30-a0-778-g2ef04afb54 (webtiles) character file.

Game seed: 990396463142470503

2 hikkokomori the Conjurer (level 1, -3/9 (12) HPs)
             Began as a Gargoyle Reaver on Feb 16, 2023.
             Frozen to death by an endoplasm (5 damage)
             ... on level 1 of the Dungeon.
             The game lasted 00:00:29 (76 turns).

hikkokomori the Conjurer (Gargoyle Reaver)            Turns: 76, Time: 00:00:30

HP:   -3/9 (12)     AC:  5    Str: 15    XL:     1   Next: 40%
MP:   1/3           EV: 11    Int: 13    God:
Gold: 34            SH:  0    Dex:  8    Spells: 3/4 levels left

rFire   . . .      SeeInvis .    a - +0 mace
rCold   . . .      Faith    .    (no shield)
rNeg    + . .      Spirit   .    b - +0 leather armour
rPois   ∞          Reflect  .    (no helmet)
rElec   +          Harm     .    (no cloak)
rCorr   .          Rampage  .    (no gloves)
Will    .....                    (no boots)
Stlth   +                        (no amulet)
HPRegen 0.21/turn                (no ring)
MPRegen 0.08/turn                (no ring)

@: very slightly contaminated, very heavily drained
A: sickness immunity, AC +2, negative energy resistance 1, electricity
resistance, torment resistance 1, petrification resistance
a: no special abilities


You were on level 1 of the Dungeon.
You visited 1 branch of the dungeon, and saw 1 of its levels.

You collected 34 gold pieces.

Inventory:

Hand Weapons
 a - a +0 mace (weapon)
Armour
 b - a +0 leather armour (worn)
Magical Staves
 e - a staff of fire
Scrolls
 c - a scroll of identify {unknown}
Potions
 d - a potion of curing {unknown}
 f - a potion of ambrosia {unknown}


   Skills:
 + Level 2.2 Fighting
 + Level 3.0 Maces & Flails
 - Level 1.5 Dodging
 + Level 0.2 Stealth
 + Level 2.0 Spellcasting
 + Level 3.3 Conjurations


You had 3 spell levels left.
You knew the following spells:

 Your Spells              Type           Power      Damage    Failure   Level
a - Kiss of Death         Conj/Necr      20%        2d7       16%         1

Your spell library contained the following spells:

 Spells                   Type           Power      Damage    Failure   Level
 Momentum Strike          Conj/Tloc      10%        3d8       24%         2
 Hailstorm                Conj/Ice       5%         3d4       43%         3


Dungeon Overview and Level Annotations

Branches:
Dungeon (1/15)

Altars:


Innate Abilities, Weirdness & Mutations

You are immune to sickness and miasma.
Your stone body is resilient. (AC +2)
You are immune to poison.
You resist negative energy. (rN+)
You are resistant to electric shocks. (rElec)
You are resistant to unholy torment.
You are immune to petrification.


Message History

You are too injured to fight recklessly!
You are too injured to fight recklessly!
You are too injured to fight recklessly!
You are too injured to fight recklessly!
You are too injured to fight recklessly!
You are too injured to fight recklessly!
You are too injured to fight recklessly!
You are too injured to fight recklessly!
You are too injured to fight recklessly!
You are too injured to fight recklessly!
You are too injured to fight recklessly!
You are too injured to fight recklessly!
You are too injured to fight recklessly!
You escape the ball python's grasp.
The quokka attacks as you move away!
The quokka bites you but does no damage.
Casting: Kiss of Death (safe; 16% risk of failure)
Confirm with . or Enter, or press ? or * to list all spells.
Okay, then.
Casting: Kiss of Death (safe; 16% risk of failure)
Confirm with . or Enter, or press ? or * to list all spells.
Aiming: Kiss of Death (safe; 16% risk of failure)
Press: ? - help, Shift-Dir - straight line, f - quokka
Aim: a quokka (heavily wounded, 100% to hit)
The negative energy hits the quokka!
The quokka is drained!
You kill the quokka!
You feel drained.
The endoplasm hits you but does no damage.
Casting: Kiss of Death (safe; 16% risk of failure)
Confirm with . or Enter, or press ? or * to list all spells.
Aiming: Kiss of Death (safe; 16% risk of failure)
Press: ? - help, Shift-Dir - straight line, f - ball python
Aim: a ball python (100% to hit)
You miscast Kiss of Death.
You are very lightly contaminated with residual magic.
Nothing appears to happen.
The ball python closely misses you. The ball python barely misses you.
The endoplasm freezes you.
You are frozen.
Ouch! That really hurt!
You die...

#.......##.....###..#
#..........##.......#
#...........##... ..#
#........#.......
#######.)#.......
#...###......
##.#.....##
#....##### ##@.###
#.JS#######.
#$..........
...............
....(##.........
..... #........>
..... ..........
........^....... ...
...........


You could see an endoplasm and a ball python.

Vanquished Creatures
  2 quokkas (D:1)
2 creatures vanquished.

Notes
Turn   | Place    | Note
-------+----------+-------------------------------------------
     0 | D:1      | hikkokomori the Gargoyle Reaver began the quest for the
                  | Orb.
     0 | D:1      | Reached XP level 1. HP: 12/12 MP: 3/3
    76 | D:1      | Frozen to death by an endoplasm

Illustrated notes

Levels and vault maps discovered:
D:1:      grunt_arrival_lava_bath, layout_rooms, st_stairs_13

Action                     || total
---------------------------++-------
  Melee: Mace              ||     6
   Cast: Kiss of Death     ||     1
 Armour: Leather armour    ||     6
  Dodge: Dodged            ||     9

Table legend: (Time is in decaauts)
 A = Elapsed time spent in this place.
 B = Non-inter-level travel time spent in this place.
 C = Inter-level travel time spent in this place.
 D = Time resting spent in this place.
 E = Time spent auto-exploring this place.
 F = Levels seen in this place.
 G = Mean time per level.
                   A        B        C        D        E       F      G
               +--------+--------+--------+--------+--------+-----+--------+
         Total |     77 |     77 |      0 |      0 |     53 |   1 |   77.0 |
       Dungeon |     77 |     77 |      0 |      0 |     53 |   1 |   77.0 |
               +--------+--------+--------+--------+--------+-----+--------+

Top non-repeatable levels by time:
     D:1: 77 daAuts
